 Dungeon Crawl Stone Soup version 0.22-a0-305-gd21a89c538 (webtiles) character file.

9993 FollowTheCloud the Merchant of Misery (level 11, 0/89 HPs)
             Began as a Demonspawn Necromancer on Mar 30, 2018.
             Was a Believer of Kikubaaqudgha.
             Succumbed to a black mamba's poison
             ... on level 2 of the Lair of Beasts.
             The game lasted 00:36:24 (12119 turns).

FollowTheCloud the Merchant of Misery (DsNe)       Turns: 12119, Time: 00:36:24

Health: 0/89       AC:  2    Str:  9    XL:     11   Next: 30%
Magic:  15/24      EV: 16    Int: 19    God:    Kikubaaqudgha [**....]
Gold:   469        SH:  6    Dex: 14    Spells: 14/28 levels left

rFire    . . .     SeeInvis .   b - +1 spear (pain)
rCold    . . .     Gourm    .   (no shield)
rNeg     . . .     Faith    .   a - +0 robe
rPois    .         Spirit   .   (no helmet)
rElec    .         Reflect  .   (no cloak)
rCorr    .         Harm     .   (no gloves)
MR       .....                  (no boots)
Stlth    ++........             (no amulet)
HPRegen  0.24/turn              (no ring)
MPRegen  0.19/turn              (no ring)

@: lethally poisoned (0 -> -3)
A: talons 1, large bone plates 2, demonic guardian 1, spiny 3
a: Receive Corpses, Renounce Religion


You were on level 2 of the Lair of Beasts.
You worshipped Kikubaaqudgha.
Kikubaaqudgha was pleased with you.
You were not hungry.

You visited 3 branches of the dungeon, and saw 12 of its levels.

You collected 469 gold pieces.

Inventory:

Hand Weapons
 b - a +1 spear of pain (weapon)
Armour
 a - a +0 robe (worn)
 J - a +1 hat
Jewellery
 q - a +3 ring of evasion {unknown}
 t - an uncursed amulet of rage {unknown}
 v - an uncursed amulet of magic regeneration {unknown}
 y - an uncursed ring of stealth {unknown}
 A - an uncursed ring of ice {unknown}
 C - an uncursed ring of poison resistance {unknown}
 E - an uncursed amulet of rage {unknown}
 H - an uncursed ring of protection from magic {unknown}
Wands
 r - a wand of disintegration (10)
 s - a wand of paralysis (29)
 F - a wand of acid (17)
Scrolls
 d - 11 scrolls of identify
 f - a scroll of noise {unknown}
 g - 2 scrolls of immolation {unknown}
 h - a scroll of fear {unknown}
 i - 3 scrolls of enchant armour {unknown}
 k - 4 scrolls of remove curse {unknown}
 l - 4 scrolls of magic mapping {unknown}
 o - a scroll of random uselessness {unknown}
 p - 2 scrolls of blinking
 u - a scroll of enchant weapon {unknown}
 w - 2 scrolls of teleportation {unknown}
 z - 2 scrolls of brand weapon {unknown}
 B - a scroll of fog {unknown}
 G - a scroll of silence {unknown}
Potions
 e - a potion of heal wounds {unknown}
 j - a potion of ambrosia {unknown}
 m - a potion of mutation {unknown}
 n - 2 potions of curing {unknown}
 x - a potion of degeneration {unknown}
 D - a potion of lignification {unknown}
 I - a potion of resistance {unknown}
Comestibles
 c - 11 rations


   Skills:
 + Level 9.5 Fighting
 + Level 6.5 Dodging
 - Level 1.7 Stealth
 + Level 9.0 Spellcasting
 + Level 11.3 Necromancy


You had 14 spell levels left.
You knew the following spells:

 Your Spells              Type           Power        Failure   Level  Hunger
a - Pain                  Necr           ####         1%          1    None
b - Animate Skeleton      Necr           N/A          1%          1    None
c - Vampiric Draining     Necr           ######....   1%          3    None
d - Regeneration          Chrm/Necr      ####......   2%          3    None
x - Sublimation of Blood  Necr           ######....   1%          2    None
z - Animate Dead          Necr           N/A          1%          4    ###....


Dungeon Overview and Level Annotations

Branches:
Dungeon (9/15)             Temple (1/1) D:5            Lair (2/6) D:9
  Snake (0/4) Lair:2          Orc (0/2) D:9
  Swamp: Lair:2-4    Shoals: Lair:2-4

Altars:
Ashenzari
Cheibriados
Dithmenos
Elyvilon
Fedhas
Gozag
Hepliaklqana
Kikubaaqudgha
Makhleb
Nemelex Xobeh
Okawaru
Qazlal
Ru
Sif Muna
Trog
Uskayaw
Vehumet
Wu Jian
Xom
Yredelemnul
Zin
The Shining One

Annotations:
D:5 FollowTheCloud's ghost, amateur SpEn
D:6 NeAGen181's ghost, novice MiAK
D:9 Joseph


Innate Abilities, Weirdness & Mutations

You have sharp toenails.
You are mostly covered in large bone plates. (SH +6)
A weak demonic guardian rushes to your aid.
You are completely covered in sharp spines.


Message History

Aiming: Vampiric Draining (safe; 1% risk of failure)
Press: ? - help, Shift-Dir - straight line, f/p - black mamba
Aim: a black mamba (severely wounded)
The black mamba is almost dead.
You feel life coursing into your body. You block the black mamba's attack.
The black mamba bites you!
* * * LOW HITPOINT WARNING * * *
Your quasit bites the black mamba but does no damage.
Your quasit claws the black mamba.
Your quasit closely misses the black mamba.
Casting: Vampiric Draining (safe; 1% risk of failure)
Confirm with . or Enter, or press ? or * to list all spells.
Aiming: Vampiric Draining (safe; 1% risk of failure)
Press: ? - help, Shift-Dir - straight line, f/p - black mamba
Aim: a black mamba (almost dead)
You kill the black mamba!
Kikubaaqudgha accepts your kill.
Your skin stops crawling.
You die...
Kikubaaqudgha rasps: "You have failed me!
Welcome... death!"

≈≈≈≈#.. ..≈####..
.......N. .....#
.........# #....#
.........N# .....##
#..........###.....#
#...........##.....#
#.......>.5†@.....##
#..........##.....P#
#...........#.....P#
...........###....##
......)....#.#.#.###
...................##
#...................#
#.......?.....<.....#
P..........$.........#


You could see a naga and a friendly quasit.

Vanquished Creatures
  Gastronok (Lair:1)
  5 black mambas
  2 hippogriffs
  A spriggan (D:7)
  7 yaks (D:9)
  A wraith (D:9)
  A hungry ghost (D:9)
  3 nagas (Lair:2)
  3 water moccasins (Lair:1)
  3 porcupines
  An orc warrior (D:7)
  2 slaves (D:4)
  An ice beast (D:7)
  A phantom (D:4)
  2 ogres
  A wolf (Lair:1)
  A centaur (D:5)
  2 crocodiles (Lair:1)
  4 bullfrogs
  A scorpion (D:9)
  3 killer bees (D:8)
  12 wights (D:8)
  A howler monkey (D:7)
  A crimson imp (D:7)
  A quasit (D:9)
  4 hounds
  3 orc priests (D:9)
  2 centaur skeletons (D:4)
  6 orc wizards
  A bullfrog skeleton (D:9)
  2 iguanas (D:8)
  Natasha (D:4)
  5 worker ants
  Robin (D:4)
  2 worker ant zombies (D:7)
  7 gnolls
  8 adders
  3 shadow imps
  2 oozes
  5 adder skeletons
  An adder zombie (D:2)
  2 worms (D:2)
  A dart slug (D:1)
  7 leopard geckos
  20 orcs
  3 bat skeletons (D:2)
  7 giant cockroaches
  15 goblins
  8 hobgoblins
  7 jackals
  3 quokkas
  3 ball pythons
  A ball python skeleton (D:2)
  A ball python zombie (D:2)
  5 bats
  5 frilled lizards
  A giant cockroach zombie (D:2)
  9 kobolds
  A leopard gecko zombie (D:2)
  7 rats
220 creatures vanquished.

Vanquished Creatures (collateral kills)
  A hydra (Lair:1)
  Erica (D:9)
  Pikel (D:4)
  A komodo dragon (Lair:1)
  3 yaks (D:9)
  An orc warrior (D:9)
  A slave (D:4)
  A big kobold (D:4)
  2 bullfrogs
  A wight (D:8)
  A hound (D:7)
  An orc priest (D:9)
  An iguana (D:4)
  Natasha (D:4)
  A shadow imp (D:9)
  A dart slug (D:1)
  2 orcs
  A goblin (D:4)
  A hobgoblin (D:3)
  A fungus (D:9)
24 creatures vanquished.

Vanquished Creatures (others)
  A fungus (D:9)
  2 plants
3 creatures vanquished.

Grand Total: 247 creatures vanquished

Notes
Turn   | Place    | Note
-------+----------+-------------------------------------------
     0 | D:1      | FollowTheCloud the Demonspawn Necromancer began the quest for the Orb.
     0 | D:1      | Reached XP level 1. HP: 13/13 MP: 3/3
   392 | D:1      | Gained mutation: You are partially covered in sharp spines. [demonic ancestry]
   392 | D:1      | Reached XP level 2. HP: 8/20 MP: 1/5
   580 | D:1      | Learned a level 1 spell: Animate Skeleton
   758 | D:1      | Reached skill level 1 in Fighting
   857 | D:1      | Reached XP level 3. HP: 26/26 MP: 4/6
  1470 | D:2      | Learned a level 3 spell: Vampiric Draining
  1513 | D:2      | Reached skill level 5 in Necromancy
  1559 | D:2      | Gained mutation: You have sharp toenails. [demonic ancestry]
  1559 | D:2      | Reached XP level 4. HP: 25/33 MP: 3/8
  1765 | D:2      | Learned a level 3 spell: Regeneration
  1941 | D:2      | Found an iron altar of Okawaru.
  2419 | D:3      | Noticed an ogre
  2463 | D:3      | Killed an ogre
  2463 | D:3      | Gained mutation: A weak demonic guardian rushes to your aid. [demonic ancestry]
  2463 | D:3      | Reached XP level 5. HP: 37/40 MP: 5/10
  2724 | D:3      | Found a hazy altar of Hepliaklqana.
  2910 | D:4      | Noticed Natasha
  2916 | D:4      | Killed Natasha
  2916 | D:4      | Reached XP level 6. HP: 44/47 MP: 5/11
  3028 | D:4      | Noticed Natasha
  3040 | D:4      | Killed Natasha
  3041 | D:4      | Reached skill level 6 in Necromancy
  3328 | D:4      | Reached XP level 7. HP: 49/53 MP: 9/13
  3478 | D:4      | Found a burning altar of Makhleb.
  4167 | D:4      | Noticed Pikel
  4184 | D:4      | Killed Pikel
  4184 | D:4      | Reached skill level 5 in Fighting
  4184 | D:4      | Reached skill level 5 in Spellcasting
  4184 | D:4      | Reached skill level 7 in Necromancy
  4184 | D:4      | Gained mutation: You are partially covered in large bone plates. (SH +4) [demonic ancestry]
  4184 | D:4      | Reached XP level 8. HP: 35/62 MP: 7/15
  4295 | D:4      | Noticed Robin
  4305 | D:4      | Killed Robin
  4454 | D:5      | Entered Level 5 of the Dungeon
  4466 | D:5      | Found a staircase to the Ecumenical Temple.
  4477 | Temple   | Entered the Ecumenical Temple
  4643 | D:5      | Noticed FollowTheCloud's ghost (amateur SpEn)
  4996 | D:5      | Learned a level 4 spell: Animate Dead
  5545 | D:6      | Noticed NeAGen181's ghost (novice MiAK)
  5600 | D:6      | Found an ancient bone altar of Kikubaaqudgha.
  5602 | D:6      | Found a sparkling altar of Nemelex Xobeh.
  5686 | D:6      | Found a glowing silver altar of Zin.
  5686 | D:6      | Found a hide-covered altar of Uskayaw.
  5689 | D:6      | Found a bloodstained altar of Trog.
  5693 | D:6      | Became a worshipper of Kikubaaqudgha
  5833 | D:7      | Found a snail-covered altar of Cheibriados.
  5892 | D:7      | Noticed a hippogriff
  5898 | D:7      | Killed a hippogriff
  5898 | D:7      | Reached skill level 8 in Necromancy
  6926 | D:8      | Gained mutation: You are mostly covered in sharp spines. [demonic ancestry]
  6926 | D:8      | Reached XP level 9. HP: 71/71 MP: 18/18
  7504 | D:8      | Reached skill level 9 in Necromancy
  8128 | D:9      | Reached * piety under Kikubaaqudgha
  8128 | D:9      | Identified Kikubaaqudgha's Handbook of Sinister Arts (Kikubaaqudgha gifted it to you on level 9 of the Dungeon)
  8128 | D:9      | Received a gift from Kikubaaqudgha
  8252 | D:8      | Learned a level 2 spell: Sublimation of Blood
  8901 | D:9      | Found a stormy altar of Qazlal.
  9243 | D:9      | Found a staircase to the Lair.
  9259 | D:9      | Found a staircase to the Orcish Mines.
  9445 | D:9      | Gained mutation: You are completely covered in sharp spines. [demonic ancestry]
  9445 | D:9      | Reached XP level 10. HP: 80/80 MP: 21/21
  9477 | D:9      | Reached skill level 10 in Necromancy
  9628 | D:9      | Noticed Joseph
  9629 | D:9      | Noticed Erica
  9855 | Lair:1   | Entered Level 1 of the Lair of Beasts
  9965 | D:9      | Killed Erica
 10109 | D:9      | Reached skill level 5 in Dodging
 10116 | D:9      | Reached ** piety under Kikubaaqudgha
 10682 | Lair:1   | Found the +8 demon blade "Bloodbane" {slice, *Rage +Rage Stlth-}
 10784 | Lair:1   | Noticed a five-headed hydra
 10796 | Lair:1   | Killed a five-headed hydra
 11162 | Lair:1   | Noticed a black mamba
 11172 | Lair:1   | Killed a black mamba
 11405 | Lair:1   | Noticed Gastronok
 11425 | Lair:1   | Noticed a black mamba
 11431 | Lair:1   | Killed a black mamba
 11466 | Lair:1   | Noticed a black mamba
 11470 | Lair:1   | Killed a black mamba
 11470 | Lair:1   | Gained mutation: You are mostly covered in large bone plates. (SH +6) [demonic ancestry]
 11470 | Lair:1   | Reached XP level 11. HP: 77/89 MP: 19/23
 11505 | Lair:1   | Killed Gastronok
 11505 | Lair:1   | Reached skill level 11 in Necromancy
 11790 | Lair:2   | Found a staircase to the Snake Pit.
 12118 | Lair:2   | HP: 1/89 [black mamba (17)]
 12119 | Lair:2   | Succumbed to a black mamba's poison

Vault maps used:
D:1:      onia_arrival_larder, minmay_pentomino_q2
D:2:      serial_undead, serial_undead_c, serial_undead_c, serial_undead_d,
          serial_undead_b, serial_undead_e, serial_undead_c, serial_undead_d,
          serial_undead_d, serial_undead_f, serial_undead_c,
          okawaru_ov_weapons_minmay
D:3:      lemuel_crystal_altar, minmay_misc_feat_plants, kennysheep_path_1
D:4:      bloody_makhleb, uniq_robin, uniq_pikel, uniq_natasha
D:5:      kennysheep_steamy, minmay_temple_entry_mist, first_ration
D:6:      nicolae_overflow_hidden_temple
D:7:      nicolae_overflow_crystal_walls, the_bakery
D:9:      old_standard_altar, grunt_lair_entry_orc_guard_hut, david_orc_3,
          uniq_joseph, uniq_erica
Temple:   zaba_magenta_temple
Lair:1:   uniq_gastronok
Lair:2:   minmay_snake_entry_guardpost_small, hibernation_bobbens, uniq_nergalle

Skill      XL: |  1  2  3  4  5  6  7  8  9 10 11 |
---------------+----------------------------------+-----
Fighting       | 1 2 3 5 6 7 9 |  9.5
Necromancy     | 5 6 7 8 9 10 11 | 11.3
Spellcasting   | 3 4 5 6 7 8 9 |  9.0
Dodging        | 4 5 6 |  6.5
Stealth        | |  1.7

Action                   |  1- 3 |  4- 6 |  7- 9 | 10-12 || total
-------------------------+-------+-------+-------+-------++-------
Melee: Spear             |    65 |    81 |   287 |    80 ||   513
       Kick              |       |    13 |    67 |    14 ||    94
 Cast: Pain              |    18 |    43 |    43 |    19 ||   123
       Animate Skeleton  |     8 |    18 |    20 |     5 ||    51
       Vampiric Draining |       |     1 |    14 |    25 ||    40
       Animate Dead      |       |       |     6 |    11 ||    17
       Regeneration      |       |       |     3 |     7 ||    10
       Sublimation of Bl |       |       |     1 |     3 ||     4
Invok: Receive Corpses   |       |       |       |     2 ||     2
Evoke: Wand              |       |       |    14 |     1 ||    15
  Use: Scroll            |       |       |       |     3 ||     3
 Stab: Sleeping          |     5 |     2 |     1 |       ||     8
       Distracted        |     1 |     1 |     1 |     1 ||     4
       Paralysed         |       |       |    20 |       ||    20
  Eat: Chunk             |     2 |     6 |    15 |     1 ||    24
       Ration            |       |       |     2 |     3 ||     5
Armor: Robe              |     2 |    13 |    22 |     1 ||    38
Dodge: Dodged            |    35 |    56 |   128 |    54 ||   273
Block: Other             |       |       |    33 |    19 ||    52

Table legend:
 A = Spawn XP
 B = Non-spawn XP
 C = Spawn XP percentage of total XP
 D = Spawn monster count
 E = Non-spawn monster count
 F = Spawn count percentage of total count
 G = Total turns spent on level
                    A         B        C        D         E        F      G
               +---------+---------+-------+---------+---------+-------+---------
         Total |       0 |   14277 |   0.0 |       0 |     240 |   0.0 | 12119
               +---------+---------+-------+---------+---------+-------+---------
           D:1 |       0 |      57 |   0.0 |       0 |      30 |   0.0 |  1465
           D:2 |       0 |     118 |   0.0 |       0 |      37 |   0.0 |   980
           D:3 |       0 |     163 |   0.0 |       0 |      12 |   0.0 |   432
           D:4 |       0 |    1140 |   0.0 |       0 |      41 |   0.0 |  1691
           D:5 |       0 |     170 |   0.0 |       0 |       7 |   0.0 |   509
           D:6 |       0 |      57 |   0.0 |       0 |       6 |   0.0 |   482
           D:7 |       0 |    1006 |   0.0 |       0 |      17 |   0.0 |  1228
           D:8 |       0 |    1170 |   0.0 |       0 |      27 |   0.0 |  1635
           D:9 |       0 |    4127 |   0.0 |       0 |      42 |   0.0 |  1942
        Lair:1 |       0 |    4925 |   0.0 |       0 |      15 |   0.0 |  1579
        Lair:2 |       0 |    1344 |   0.0 |       0 |       6 |   0.0 |    99
               +---------+---------+-------+---------+---------+-------+---------
